Map: Orbital Shipyard

Players

Thomas - Winner!

  • Race: Terran Terran
  • League: Gold

louielouie

  • Race: Terran Terran
  • League: Silver

VOD

Have the link to the VOD?

Description

Time

  • Played on: March 12, 2016, 9:09 p.m.
  • Length: 9:50
Show
View Real Time Build Order
Export as new Build Order

Thomas Terran - Winner!

Build Orders: MMM Bio 

Get SALT Encoding   

  12  0:03  SCV  
  13  0:16  SCV  
  13  0:20  Supply Depot  
  14  0:28  SCV  
  15  0:42  SCV  
  16  0:43  Barracks  
  16  0:47  Refinery  
  16  0:55  SCV  
  17  1:07  SCV  
  18  1:19  SCV  
  19  1:31  Supply Depot  
  19  1:32  SCV  
  20  1:40  Barracks Reactor  
  20  1:45  Orbital Command  
  20  1:49  Refinery  
  20  2:10  Command Center  
  20  2:13  Factory  
  20  2:21  SCV  
  21  2:24  Marine x2  
  23  2:42  Marine x2  
  23  2:43  SCV  
  25  2:59  Marine x2  
  25  3:05  SCV  
  28  3:07  Factory Tech Lab  
  28  3:08  Barracks  
  28  3:11  Starport  
  28  3:19  SCV  
  29  3:21  Marine x2  
  29  3:23  SCV  
  32  3:28  Siege Tank  
  35  3:37  SCV x2  
  37  3:41  Marine x2  
  39  3:51  Medivac  
  41  4:06  Marine x2  
  41  4:07  Barracks Tech Lab  
  43  4:13  Siege Tank  
  46  4:21  Supply Depot  
  46  4:22  SCV x2  
  48  4:24  Marine  
  48  4:25  Marine  
  48  4:27  Marauder  
  48  4:29  Stimpack  
  52  4:39  Engineering Bay  
  52  4:42  Engineering Bay  
  52  4:43  Supply Depot  
  52  4:45  Marine x2  
  54  4:54  Siege Tank  
  54  4:59  Medivac  
  59  5:05  Marauder  
  61  5:10  SCV x2  
  63  5:17  Supply Depot  
  63  5:19  Marine  
  63  5:20  Marine  
  65  5:26  Missile Turret  
  62  5:57  Marine x2  
  62  5:58  Marauder  
  62  5:59  Siege Tank, Medivac  
  62  6:03  SCV x2  
  73  6:08  Supply Depot  
  73  6:17  Command Center  
  73  6:24  Marine x2, SCV x2  
  77  6:31  Marauder  
  79  6:41  Siege Tank  
  79  6:42  Medivac  
  84  6:50  Marine x2  
  86  6:55  SCV x2  
  75  7:50  Marine x2  
  78  7:51  Marauder  
  78  7:52  Terran Infantry Armor Level 1, Terran Infantry Weapons Level 1  
  78  7:55  SCV x2  
  80  8:09  Marine, SCV x2  
  80  8:10  Marine  
  86  8:20  Marauder, Combat Shields  
  67  9:11  Marine x2  
  67  9:12  Marauder  
  59  9:42  Refinery  
  59  9:43  Refinery  
Show
View Real Time Build Order
Export as new Build Order

louielouie Terran 

Build Orders: MMM Bio 

Get SALT Encoding   

  12  0:02  SCV  
  13  0:17  SCV  
  13  0:19  Supply Depot  
  14  0:29  SCV  
  15  0:41  SCV  
  16  0:45  Barracks  
  16  0:53  SCV  
  17  0:58  Supply Depot  
  17  0:59  Refinery  
  17  1:05  SCV  
  18  1:17  SCV  
  19  1:42  Refinery  
  19  1:44  Reaper  
  19  1:45  Barracks  
  20  1:47  Orbital Command  
  20  2:16  Reaper  
  21  2:23  Barracks  
  21  2:29  SCV  
  22  2:34  Factory  
  23  2:38  Barracks Reactor  
  22  2:49  SCV  
  22  2:50  Marine  
  24  3:01  SCV  
  25  3:09  Command Center  
  25  3:11  Supply Depot  
  25  3:13  SCV  
  26  3:21  Factory Tech Lab  
  26  3:26  Marine x2  
  28  3:34  Barracks Tech Lab  
  28  3:36  Marine  
  28  3:38  SCV  
  30  3:43  Supply Depot  
  30  4:05  Marine x2  
  30  4:09  Supply Depot  
  31  4:14  Starport  
  31  4:15  Siege Tank  
  34  4:17  Combat Shields  
  34  4:20  Marine x2  
  36  4:25  SCV  
  36  4:27  SCV  
  38  4:37  SCV  
  38  4:38  Engineering Bay  
  39  4:39  Orbital Command  
  39  5:00  Factory Tech Lab  
  39  5:04  SCV  
  39  5:05  Banshee  
  39  5:06  Cloaking Field  
  43  5:08  SCV  
  43  5:09  Marine x2  
  43  5:10  Marine  
  43  5:11  Refinery  
  47  5:17  SCV  
  47  5:20  SCV  
  49  5:26  Missile Turret  
  49  5:27  Missile Turret  
  49  5:29  SCV  
  50  5:35  Marine  
  50  5:36  Marine, Stimpack  
  50  5:37  Marine  
  48  6:02  Missile Turret  
  48  6:03  SCV x2  
  50  6:15  SCV x2  
  52  6:20  Missile Turret  
  52  6:21  Marine x3  
  52  6:24  Missile Turret  
  55  6:27  SCV x2  
  57  6:34  Viking  
  57  6:39  SCV x2, Terran Infantry Weapons Level 1  
  61  6:43  Marine x2  
  63  6:48  Supply Depot  
  63  6:51  SCV  
  63  6:52  Marine x2  
  66  7:01  SCV  
  67  7:04  SCV  
  67  7:05  Marine x2  
  69  7:10  Siege Tank  
  69  7:13  Viking  
  74  7:19  SCV x2  
  76  7:25  Supply Depot  
  76  7:28  Missile Turret  
  76  7:31  SCV x2  
  78  7:45  Marine x2  
  78  7:46  Marine x2, SCV x2  
  81  7:56  Starport  
  81  8:01  SCV x2  
  81  8:03  Marine x2, Factory  
  85  8:15  Command Center  
  85  8:16  SCV  
  86  8:28  Marine  
  86  8:29  SCV  
  86  8:45  Marine x2  
  86  8:46  Marine  
  84  8:49  Siege Tank  
  67  8:59  Viking, SCV  
  67  9:00  SCV  
  71  9:07  Marine  
  71  9:08  Marine  
  70  9:15  Supply Depot x2  
  70  9:20  SCV x2  
  70  9:21  Marine  
  64  9:25  Marine  
  59  9:32  SCV  
Tags
 
Add a new tag
Caveats
  • Supply blocks, unpowered buildings, or Contaminate may cause inaccurate times.
  • Supply counts are checked every 10 seconds.